 Dungeon Crawl Stone Soup version 0.31.0-32-g396128a36d (webtiles) character file.

Game seed: 9658537530607032458

1729 spaghetti the Caller (level 8, 39/56 HPs)
             Began as a Demonspawn Hunter on Apr 2, 2024.
             Was a Follower of Kikubaaqudgha.
             Quit the game on level 2 of the Abyss.
             The game lasted 00:12:02 (7038 turns).

spaghetti the Caller (Demonspawn Hunter)            Turns: 7038, Time: 00:12:03

Health: 39/56      AC: 28    Str:  8 (11) XL:     8   Next: 76%
Magic:  14/14      EV:  4    Int: 15 (16) God:    Kikubaaqudgha [*.....]
Gold:   332        SH:  4    Dex: 18 (19) Spells: 2/15 levels left

rFire   . . .        a - +3 shortbow
rCold   . . .        (shield currently unavailable)
rNeg    . . .        u - +18 Lear's hauberk
rPois   .            (helmet currently unavailable)
rElec   .            (no cloak)
rCorr   .            (gloves currently unavailable)
SInv    .            (boots currently unavailable)
Will    .....        (no amulet) Stlth
                     k - +6 ring of intelligence
HPRegen 0.29/turn    (no ring)
MPRegen 0.14/turn

%: no passive effects
@: no status effects
A: icy blue scales 1, condensation shield, weakness stinger 1
a: Renounce Religion, Unearth Wretches


You were on level 2 of the Abyss.
You worshipped Kikubaaqudgha.
Kikubaaqudgha was aware of your devotion.
You visited 1 branch of the dungeon, and saw 7 of its levels.
You visited the Abyss 1 time.

You collected 332 gold pieces.

Inventory:

Hand Weapons
 a - a +3 shortbow (weapon)
Missiles
 t - a throwing net
Armour
 c - a +0 leather armour
 u - the +18 Lear's hauberk (worn)
   (You found it on level 6 of the Dungeon)
Jewellery
 j - a ring of fire
 k - a +6 ring of intelligence (left hand)
 m - an amulet of reflection
Wands
 d - a wand of flame (29)
Scrolls
 g - a scroll of amnesia
 i - 3 scrolls of enchant armour
 l - a scroll of immolation
Potions
 e - a potion of curing
 f - a potion of might
 n - a potion of ambrosia
 p - 2 potions of attraction


   Skills:
 - Level 2.0 Fighting
 - Level 6.0 Ranged Weapons
 - Level 1.7 Dodging
 - Level 0.8 Stealth
 - Level 4.0 Spellcasting
 + Level 7.8 Summonings
 - Level 3.3 Translocations


You had 2 spell levels left.
You knew the following spells:

 Your Spells              Type           Power      Damage    Failure   Level
a - Call Imp              Summ           52%        N/A       75%         2
b - Blink                 Tloc           26%        N/A       100%        2
c - Summon Forest         Summ/Tloc      9%         N/A       100%        5
d - Animate Dead          Necr           3%         N/A       100%        4

Your spell library contained the following spells:

 Spells                   Type           Power      Damage    Failure   Level
 Magic Dart               Conj           12%        1d3       100%        1
 Cigotuvi's Dreadful Rot  Necr/Alch/Air  6%         N/A       100%        2
 Sublimation of Blood     Necr           3%         N/A       100%        2
 Vampiric Draining        Necr           3%         2d6       100%        3
 Conjure Ball Lightning   Conj/Air       1%         3x3d6     100%        6
 Eringya's Noxious Bog    Alch           1%         4d6       100%        6
 Summon Hydra             Summ           13%        N/A       100%        7
 Discord                  Hex            1%         N/A       100%        8
 Disjunction              Tloc           6%         N/A       100%        8


Dungeon Overview and Level Annotations

Branches:
Dungeon (7/15)             Temple (0/1) D:4

Altars:
Dithmenos
Kikubaaqudgha
Makhleb
Nemelex Xobeh
Uskayaw
Xom

Annotations:
D:3 4 runed translucent doors, Crazy Yiuf; PaiMei's ghost, amateur DsNe
D:4 Pikel
D:5 Eustachio
D:7 Maurice


Innate Abilities, Weirdness & Mutations

You are partially covered in icy blue scales. (AC +2)
A meltable shield of frost defends you. (SH +4)
You have a small tail.


Message History

The mass of ice explodes!
The iceblast engulfs something!
The now-empty wand crumbles to dust.
You hear a zap.
A puff of flame appears from out of thin air!
The puff of flame misses you.
Aiming: Throw Flame
Press: ? - help, Shift-Dir - straight line The puff of flame hits something!
You hear a zap.
A puff of flame appears from out of thin air!
The puff of flame hits you but does no damage.
Fire: a) +3 shortbow
Press: ? - help, Q - select action, (/) - cycle Shift-Dir - straight line You shoot an arrow.
You start to feel less resistant.
Maurice appears from thin air!
Reactivating autopickup.
Fire: a) +3 shortbow
Press: ? - help, Q - select action, (/) - cycle Shift-Dir - straight line You shoot an arrow.
The arrow closely misses Maurice.
Maurice hits you but does no damage. Space warps around you. Maurice bites you.
You feel your power leaking away. Maurice drains your magic.
Fire: a) +3 shortbow
Press: ? - help, Q - select action, (/) - cycle Shift-Dir - straight line You shoot an arrow.
The arrow closely misses Maurice.
Maurice hits you but does no damage. Space warps horribly around you!
Maurice closely misses you. Maurice hits you but does no damage.
You are cast into the Abyss!
This branch contains the abyssal rune of Zot.
Unknown command.
Your resistance to elements expires.
Magic restored.
Your icy envelope is restored. 2 thrashing horrors come into view.
There are monsters nearby!
There are monsters nearby!
There are monsters nearby!
Okay, then.
Are you sure you want to abandon this character and quit the game? (Confirm with "yes".)

.# ... .## #.#
..# #..#
.#######..#
.....§X@..#
.##.###§......#
#........
#X.###... ..#.
.. ..#.# #
#..#. ... ..


You could see 2 thrashing horrors.

Vanquished Creatures
  Maggie (D:7)
  A troll (D:6)
  A water moccasin (D:7)
  A scorpion (D:4)
  4 wights (D:7)
  2 bombardier beetles (D:6)
  3 hounds
  2 jellies
  A gnoll bouda (D:5)
  An orc priest (D:4)
  Terence (D:3)
  3 iguanas
  3 orc wizards
  Natasha (thrice) (D:3)
  13 gnolls
  3 adders
  2 ufetubi (D:6)
  2 ribbon worms (D:2)
  19 orcs
  6 ball pythons
  7 bats
  9 endoplasms
  3 giant cockroaches
  8 goblins
  6 hobgoblins
  2 jackals (D:3)
  7 kobolds
  4 quokkas
  6 frilled lizards
  8 rats
132 creatures vanquished.

Vanquished Creatures (collateral kills)
  A lemure (D:5)
  A bombardier beetle (D:6)
  An iguana (D:4)
  3 orcs (D:4)
  A goblin (D:4)
  A kobold (D:4)
8 creatures vanquished.

Grand Total: 140 creatures vanquished

Notes
Turn   | Place    | Note
-------+----------+-------------------------------------------
     0 | D:1      | spaghetti the Demonspawn Hunter began the quest for the
                  | Orb.
     0 | D:1      | Reached XP level 1. HP: 16/16 MP: 1/1
   265 | D:1      | Gained mutation: A meltable shield of frost defends you.
                  | (SH +4) [demonic ancestry]
   265 | D:1      | Reached XP level 2. HP: 22/22 MP: 2/2
   830 | D:2      | Reached XP level 3. HP: 27/27 MP: 3/3
  1412 | D:2      | Reached skill level 5 in Ranged Weapons
  1443 | D:2      | You fall into a shaft and drop 2 floors!
  1459 | D:4      | Reached XP level 4. HP: 30/33 MP: 4/4
  1519 | D:3      | Noticed Natasha
  1519 | D:3      | Found an ancient bone altar of Kikubaaqudgha.
  2266 | D:3      | Killed Natasha
  2270 | D:3      | Learned a level 2 spell: Call Imp
  2366 | D:3      | Reached XP level 5. HP: 38/38 MP: 5/5
  2394 | D:3      | Noticed Natasha
  2404 | D:3      | Killed Natasha
  2421 | D:3      | Noticed Natasha
  2434 | D:3      | Killed Natasha
  2435 | D:3      | Reached skill level 1 in Spellcasting
  2435 | D:3      | Reached skill level 1 in Summonings
  2605 | D:3      | Learned a level 2 spell: Blink
  2778 | D:3      | Found a shimmering altar of Xom.
  2862 | D:3      | Identified the +4 spear of Eternity {holy, Int+3}
  2871 | D:3      | Noticed Terence
  2894 | D:3      | Killed Terence
  3022 | D:3      | Found a runed translucent gate.
  3022 | D:3      | Found a runed translucent gate.
  3022 | D:3      | Found a runed translucent gate.
  3024 | D:3      | Noticed PaiMei's ghost (amateur DsNe)
  3055 | D:3      | Found a runed translucent door.
  3056 | D:3      | Noticed Crazy Yiuf
  3262 | D:4      | Reached skill level 2 in Summonings
  3262 | D:4      | Reached XP level 6. HP: 42/44 MP: 8/8
  3461 | D:4      | Found a hide-covered altar of Uskayaw.
  3602 | D:4      | Found a staircase to the Ecumenical Temple.
  3662 | D:4      | Reached skill level 1 in Translocations
  3735 | D:3      | Became a worshipper of Kikubaaqudgha
  4406 | D:5      | Entered Level 5 of the Dungeon
  4526 | D:5      | Reached skill level 3 in Summonings
  4533 | D:5      | Gained mutation: You are partially covered in icy blue
                  | scales. (AC +2) [demonic ancestry]
  4533 | D:5      | Reached XP level 7. HP: 42/50 MP: 11/11
  4583 | D:5      | Noticed Pikel
  4610 | D:5      | Noticed Eustachio
  5243 | D:6      | Found a sparkling altar of Nemelex Xobeh.
  5570 | D:6      | Noticed a troll
  5586 | D:6      | Killed a troll
  5587 | D:6      | Reached skill level 4 in Summonings
  5661 | D:6      | Gained mutation: You have a small tail. [demonic ancestry]
  5661 | D:6      | Reached XP level 8. HP: 32/56 MP: 14/14
  5745 | D:6      | Found the +18 Lear's hauberk
  5797 | D:6      | Reached * piety under Kikubaaqudgha
  5797 | D:6      | Received a gift from Kikubaaqudgha
  5804 | D:6      | Learned a level 5 spell: Summon Forest
  5809 | D:6      | Learned a level 4 spell: Animate Dead
  6236 | D:7      | Found a burning altar of Makhleb.
  6328 | D:7      | Reached skill level 5 in Summonings
  6503 | D:7      | Noticed Maggie
  6548 | D:7      | Killed Maggie
  6549 | D:7      | Reached skill level 7 in Summonings
  6887 | D:7      | Found a shadowy altar of Dithmenos.
  6936 | D:7      | Noticed Maurice
  6977 | Abyss:2  | Cast into level 2 of the Abyss (Maurice)
  7038 | Abyss:2  | Noticed a thrashing horror
  7038 | Abyss:2  | Noticed a thrashing horror
  7038 | Abyss:2  | Quit the game

Illustrated notes

Levels and vault maps discovered:
D:1:      lemuel_arrival_river_bridge, layout_loops_ring
D:2:      layout_loops_corners, chequers_serial_rivers_micro_b
D:3:      layout_rooms, mainiacjoe_overflow_boulevard,
          regret_index_xom_buried_treasure, ebering_ghost_rock_garden,
          uniq_crazy_yiuf_cottage, uniq_terence, uniq_natasha
D:4:      layout_basic, amcnicky_altar_gilded, temple_green,
          grunt_ministairs_10, mrwooster_statue_mirror
D:5:      layout_rooms, nicolae_qazlal_style_of_elements, serial_shops,
          nicolae_square_shop, kennysheep_generic_room_13, uniq_eustachio,
          uniq_pikel
D:6:      wander_river, layout_loops_ring, mainiacjoe_overflow_six_doors_small,
          hellmonk_guarded_unrand_lears
D:7:      layout_cave_pods, bloody_makhleb, kennysheep_mini_moat, uniq_maggie,
          uniq_jeremiah, uniq_maurice
Abyss:2:  base:
D:6

Skill      XL: |  1  2  3  4  5  6  7  8 |
---------------+-------------------------+-----
Ranged Weapons | 4 5 6 |  6.0
Spellcasting   | 1 2 4 |  4.0
Summonings     | 2 3 4 7 |  7.8
Translocations | 1 3 |  3.3
Fighting       | |  2.0
Dodging        | |  1.7
Stealth        | |  0.8

Action                     |  1- 3 |  4- 6 |  7- 9 || total
---------------------------+-------+-------+-------++-------
  Melee: Unarmed           |       |     1 |    57 ||    58
         Tailslap          |       |       |    13 ||    13
         Shortbow          |       |       |     2 ||     2
         Punch             |       |       |     1 ||     1
   Fire: Shortbow          |   152 |   210 |   156 ||   518
   Cast: Call Imp          |       |    14 |     9 ||    23
         Blink             |       |     1 |     2 ||     3
  Evoke: Wand              |       |       |    27 ||    27
    Use: Potion            |       |     6 |     6 ||    12
         Scroll            |       |     2 |    12 ||    14
   Stab: Paralysed         |       |       |    34 ||    34
 Armour: Leather armour    |    19 |    90 |    45 ||   154
         Chain mail        |       |       |   125 ||   125
         Skin              |       |       |    53 ||    53
  Dodge: Dodged            |    36 |    68 |    65 ||   169
  Block: Other             |    10 |    14 |    27 ||    51
